 Dungeon Crawl Stone Soup version 0.31-a0-819-gf6de2f5ab6 (webtiles) character file.

Game seed: 5881393767891942515

502 qw the Shooter (level 7, -4/43 HPs)
             Began as a Gargoyle Hunter on Sept 23, 2023.
             Slain by a lemure (8 damage)
             ... led by Pikel
             ... on level 5 of the Dungeon.
             The game lasted 00:01:12 (3120 turns).

qw the Shooter (Gargoyle Hunter)                    Turns: 3120, Time: 00:01:12

Health: -4/43      AC:  9    Str: 15    XL:     7   Next: 17%
Magic:  7/7        EV: 12    Int:  9    God:
Gold:   86         SH:  0    Dex: 15    Spells: 6/6 levels left

rFire   + . .        Y - +0 arbalest
rCold   . . .        (shield currently unavailable)
rNeg    + + .        m - +2 robe {rN+}
rPois   inf          (no helmet)
rElec   +            (no cloak)
rCorr   .            (no gloves)
SInv    .            g - +0 pair of boots
Will    .....        (no amulet)
Stlth   ++           a - ring of protection from fire
HPRegen 0.27/turn    (no ring)
MPRegen 0.10/turn

%: no passive effects
@: about to teleport
A: sickness immunity, AC +4, negative energy resistance 1, electricity
resistance, torment resistance 1, petrification resistance
a: no special abilities


You were on level 5 of the Dungeon.
You visited 1 branch of the dungeon, and saw 5 of its levels.

You collected 230 gold pieces.
You spent 144 gold pieces at shops.


Innate Abilities, Weirdness & Mutations

You are immune to sickness and miasma.
Your stone body is resilient. (AC +4)
You are immune to poison.
You resist negative energy. (rN+)
You are resistant to electric shocks. (rElec)
You are resistant to unholy torment.
You are immune to petrification.


   Skills:
 - Level 4.1 Fighting
 + Level 7.4 Ranged Weapons
 - Level 1.0 Armour
 - Level 2.1 Dodging
 - Level 1.1 Stealth


You had 6 spell levels left.
You didn't know any spells.
Your spell library was empty.

Inventory:

Hand Weapons
 Y - a +0 arbalest (weapon)
Armour
 g - a +0 pair of boots (worn)
 m - a +2 robe of positive energy (worn)
Jewellery
 a - a ring of protection from fire (left hand)
 h - a ring of ice
Scrolls
 i - a scroll of identify
Potions
 c - a potion of enlightenment
 f - 2 potions of curing
 j - a potion of mutation

Dungeon Overview and Level Annotations

Branches:
Dungeon (5/15)
 Temple: D:4-7

Altars:
Hepliaklqana
Kikubaaqudgha
Trog

Shops:
D:4 *

Annotations:
D:1 1 runed translucent door


Message History

3108 |||
Found retreat position at -6,1 (floor) with 0 blocking monsters and 1 monsters attacking at destination at distance 6 x2
3108 ||| RETREEAATING.
You shoot a bolt. The bolt closely misses the lemure.
The bolt barely misses the lemure.
You shoot a bolt. The bolt closely misses the lemure.
The lemure hits you but does no damage.
You shoot a bolt. The bolt closely misses the lemure.
The lemure hits you but does no damage.
You shoot a bolt. The bolt closely misses the lemure.
The lemure closely misses you. x2; The lemure hits you but does no damage.
The lemure hits you.
You shoot a bolt. The bolt closely misses the lemure.
The lemure hits you! The lemure barely misses you.
You shoot a bolt. The bolt closely misses the lemure.
An adder comes into view.
The lemure closely misses you. The lemure hits you but does no damage.
The lemure closely misses you. The lemure hits you but does no damage.
The adder moves out of view.
You shoot a bolt. The bolt hits the lemure!
The lemure is heavily wounded.
The lemure hits you! The lemure closely misses you.
You shoot a bolt. The bolt hits the lemure.
The lemure is severely wounded.
The lemure barely misses you. The lemure closely misses you.
The lemure completely misses you. The lemure hits you but does no damage.
You shoot a bolt. The bolt hits the lemure!
The lemure is almost dead.
The lemure hits you. The lemure hits you!
You shoot a bolt. The bolt hits the lemure!!
You kill the lemure!
That felt strangely unrewarding.
The lemure hits you but does no damage. The lemure hits you!
3119 ||| READING scroll of teleportation.
As you read the scroll of teleportation, it crumbles to dust.
You feel strangely unstable. The lemure hits you but does no damage.
You shoot a bolt. The bolt hits the lemure.
The lemure is moderately wounded.
The lemure hits you!
You die...

..# .:# ###..# ##
....... .# ...
......:###?
..#...##......#
....#.........# .#
..)..# #...@.###..#
#..).##....5....#
.............#..#
#..#.##..=.#......5
#..#.).........####
#..###...........
#..#...)..........
#..#.##........#...
#<.#.##...........#


You could see a lemure.

Vanquished Creatures
  Sigmund (D:3)
  2 ogres
  A lemure (D:5)
  An orc wizard (D:5)
  An iguana (D:4)
  5 adders
  An ufetubus (D:3)
  A worm (D:2)
  3 dart slugs (D:2)
  5 orcs
  5 ball pythons
  6 endoplasms
  2 giant cockroaches
  3 goblins
  7 hobgoblins
  6 kobolds
  2 quokkas
  4 bats
  2 frilled lizards
  10 rats
68 creatures vanquished.

Notes
Turn   | Place    | Note
-------+----------+-------------------------------------------
     0 | D:1      | qw the Gargoyle Hunter began the quest for the Orb.
     0 | D:1      | Reached XP level 1. HP: 12/12 MP: 1/1
     0 | D:1      | 0 ||| qw: Version: 0.3-a-83-gcd0e7d8
     0 | D:1      | 0 ||| qw: Game counter: 1546
     0 | D:1      | 0 ||| qw: Melee chars always use a shield: true
     0 | D:1      | 0 ||| qw: God list: Okawaru
     0 | D:1      | 0 ||| qw: Allow faded altars: false
     0 | D:1      | 0 ||| qw: Do Orc after clearing Dungeon:15 true
     0 | D:1      | 0 ||| qw: Do second Lair branch before Depths: true
     0 | D:1      | 0 ||| qw: Lair rune preference: random
     0 | D:1      | 0 ||| qw: Goals: Normal
     0 | D:1      | 0 ||| PLANNING D:1-11
     1 | D:1      | Found a runed translucent door.
   110 | D:1      | Reached XP level 2. HP: 17/17 MP: 2/2
   384 | D:1      | Reached XP level 3. HP: 21/21 MP: 3/3
   465 | D:1      | Reached skill level 5 in Ranged Weapons
   556 | D:1      | 556 ||| UPGRADING to +0 pair of boots.
   561 | D:1      | 561 ||| UPGRADING to +0 ring mail.
   571 | D:1      | 571 ||| DROPPING +0 leather armour.
   572 | D:1      | 572 ||| READING 2 scrolls labelled SOUD PUURPHID.
   573 | D:1      | 573 ||| READING 2 scrolls labelled ALOUB XUESU.
   574 | D:1      | 574 ||| DRINKING 3 bubbling brown potions.
   575 | D:1      | 575 ||| DROPPING scroll of summoning.
   576 | D:1      | 576 ||| DROPPING scroll of butterflies.
   840 | D:2      | Reached skill level 1 in Armour
  1129 | D:2      | 1129 ||| READING scroll labelled TEYNLI ZEBACOO.
  1183 | D:3      | Found a bloodstained altar of Trog.
  1244 | D:3      | 1244 ||| SWAPPING to +0 arbalest.
  1245 | D:3      | 1245 ||| DROPPING +1 shortbow.
  1435 | D:3      | Reached skill level 3 in Fighting
  1435 | D:3      | Reached XP level 4. HP: 24/28 MP: 4/4
  1463 | D:3      | Noticed Sigmund
  1467 | D:3      | Killed Sigmund
  1468 | D:3      | Reached skill level 6 in Ranged Weapons
  1468 | D:3      | Reached XP level 5. HP: 32/32 MP: 5/5
  1468 | D:3      | Reached XP level 6. HP: 37/37 MP: 6/6
  1511 | D:3      | Found an ancient bone altar of Kikubaaqudgha.
  1748 | D:3      | 1748 ||| UPGRADING to +2 robe of positive energy.
  1758 | D:3      | 1758 ||| DROPPING +0 ring mail.
  1759 | D:3      | 1759 ||| DROPPING ring of flight.
  1760 | D:3      | 1760 ||| READING scroll labelled SENAHUOXZI.
  1761 | D:3      | 1761 ||| READING scroll labelled ZASYNO OSEG.
  1765 | D:3      | 1765 ||| READING 2 scrolls of identify.
  1765 | D:3      | 1765 ||| IDENTIFYING brown potion
  1766 | D:3      | 1766 ||| DROPPING potion of magic.
  1772 | D:4      | 1772 ||| PLANNING SEWER
  1878 | D:4      | HP: 5/37 [ogre/+0 giant club (32)]
  2104 | D:4      | Found Ykluje's Assorted Antiques.
  2113 | D:4      | 2113 ||| BUYING fuming amethyst potion (27 gold).
  2113 | D:4      | Bought a fuming amethyst potion for 27 gold pieces
  2113 | D:4      | 2113 ||| BUYING purple potion (27 gold).
  2113 | D:4      | Bought a purple potion for 27 gold pieces
  2113 | D:4      | 2113 ||| SHOPLISTING runed cloak (225 gold, have 148).
  2113 | D:4      | 2113 ||| BUYING scroll labelled DOYJEU WACADUN (30 gold).
  2113 | D:4      | Bought a scroll labelled DOYJEU WACADUN for 30 gold pieces
  2113 | D:4      | 2113 ||| BUYING scroll of identify (60 gold).
  2113 | D:4      | Bought a scroll of identify for 60 gold pieces
  2316 | D:4      | Found a hazy altar of Hepliaklqana.
  2428 | D:4      | 2428 ||| RIP SEWER
  2445 | D:4      | 2445 ||| PLANNING D:1-11
  2445 | D:4      | 2445 ||| FLEEEEING.
  2446 | D:4      | 2446 ||| FLEEEEING.
  2447 | D:4      | 2447 ||| FLEEEEING.
  2448 | D:4      | 2448 ||| FLEEEEING.
  2449 | D:4      | 2449 ||| FLEEEEING.
  2450 | D:4      | 2450 ||| FLEEEEING.
  2451 | D:4      | 2451 ||| FLEEEEING.
  2452 | D:4      | 2452 ||| FLEEEEING.
  2460 | D:4      | 2460 ||| STAIRDANCE
  2462 | D:3      | 2462 ||| UPGRADING to ring of protection from fire.
  2463 | D:3      | 2463 ||| READING scroll labelled YDOYBIMORY.
  2464 | D:3      | 2464 ||| READING scroll labelled DOYJEU WACADUN.
  2465 | D:3      | 2465 ||| DRINKING 2 bubbling silvery potions.
  2466 | D:3      | 2466 ||| DRINKING 3 purple potions.
  2509 | D:3      | 2509 ||| READING 2 scrolls of identify.
  2509 | D:3      | 2509 ||| IDENTIFYING viscous black potion
  2510 | D:3      | 2510 ||| DROPPING potion of invisibility.
  2511 | D:3      | 2511 ||| DROPPING 2 potions of lignification.
  2515 | D:4      | 2515 ||| STAIRDANCE
  2551 | D:4      | 2551 ||| STAIRDANCE
  2555 | D:4      | 2555 ||| STAIRDANCE
  2559 | D:4      | 2559 ||| STAIRDANCE
  2563 | D:4      | 2563 ||| STAIRDANCE
  2567 | D:4      | 2567 ||| STAIRDANCE
  2571 | D:4      | 2571 ||| STAIRDANCE
  2575 | D:4      | 2575 ||| STAIRDANCE
  2579 | D:4      | 2579 ||| STAIRDANCE
  2583 | D:4      | 2583 ||| STAIRDANCE
  2587 | D:4      | 2587 ||| STAIRDANCE
  2591 | D:4      | 2591 ||| STAIRDANCE
  2595 | D:4      | 2595 ||| STAIRDANCE
  2599 | D:4      | 2599 ||| STAIRDANCE
  2603 | D:4      | 2603 ||| STAIRDANCE
  2607 | D:4      | 2607 ||| STAIRDANCE
  2611 | D:4      | 2611 ||| STAIRDANCE
  2615 | D:4      | 2615 ||| STAIRDANCE
  2619 | D:4      | 2619 ||| STAIRDANCE
  2852 | D:4      | 2852 ||| Stepping ~*~*~tactically~*~*~ (water).
  2854 | D:4      | 2854 ||| Stepping ~*~*~tactically~*~*~ (water).
  2998 | D:4      | Reached skill level 7 in Ranged Weapons
  3017 | D:4      | 3017 ||| READING 2 scrolls of identify.
  3017 | D:4      | 3017 ||| IDENTIFYING fuming amethyst potion
  3060 | D:5      | Entered Level 5 of the Dungeon
  3076 | D:5      | 3076 ||| DRINKING 3 potions of curing.
  3076 | D:5      | 3076 ||| (to cure confusion)
  3089 | D:5      | Reached XP level 7. HP: 40/43 MP: 7/7
  3108 | D:5      | 3108 ||| RETREEAATING.
  3118 | D:5      | HP: 3/43 [lemure[Pikel] (8)]
  3119 | D:5      | 3119 ||| READING scroll of teleportation.
  3120 | D:5      | Slain by a lemure

Levels and vault maps discovered:
D:1:      dpeg_arrival_caged_fury, layout_rooms, serial_glass, glass_columns_a,
          glass_columns_a, nicolae_concentric_dashed_squares_mild
D:2:      layout_basic, serial_bayou_pond_c, roderic_serpentine_path
D:3:      layout_loops_cross, amcnicky_altar_gilded,
          nicolae_overflow_hidden_temple, uniq_sigmund
D:4:      layout_basic, nicolae_hepliaklqana_hazy_memory,
          gup_sewer_entry_bubbles, serial_shops, nicolae_shop_statue_plus
D:5:      layout_rooms, demons_altar, kennysheep_mini, uniq_eustachio,
          uniq_pikel

Skill      XL: |  1  2  3  4  5  6 |
---------------+-------------------+-----
Ranged Weapons | 5 6 7 |  7.4
Armour         | 1 |  1.0
Fighting       | 3 4 |  4.1
Dodging        | 2 |  2.1
Stealth        | |  1.1

Action                     |  1- 3 |  4- 6 |  7- 9 || total
---------------------------+-------+-------+-------++-------
   Fire: Shortbow          |   114 |       |       ||   114
         Arbalest          |    12 |    62 |    13 ||    87
    Use: Scroll            |     3 |     7 |     1 ||    11
         Potion            |     1 |     3 |       ||     4
 Armour: Leather armour    |     9 |       |       ||     9
         Ring mail         |    11 |     1 |       ||    12
         Robe              |       |    18 |    15 ||    33
  Dodge: Dodged            |    24 |    17 |     9 ||    50

Table legend:
 A = Non-vault XP
 B = Vault XP
 C = Vault XP percentage of total XP
 D = Non-vault monster count
 E = Vault monster count
 F = Vault count percentage of total count
                 A         B        C        D         E       F
            +---------+---------+-------+---------+---------+-------
      Total |     446 |     272 |  37.9 |      59 |       8 |  11.9
            +---------+---------+-------+---------+---------+-------
        D:1 |      39 |       0 |   0.0 |      24 |       0 |   0.0
        D:2 |      27 |       0 |   0.0 |      11 |       0 |   0.0
        D:3 |      46 |     239 |  83.9 |      11 |       1 |   8.3
        D:4 |     172 |      33 |  16.1 |       8 |       7 |  46.7
        D:5 |     162 |       0 |   0.0 |       5 |       0 |   0.0
            +---------+---------+-------+---------+---------+-------
